 Dungeon Sprint DCSS version 0.17-a0-1939-ga475588 (webtiles) character file.

479 ololoev the Jinx (level 6, -6/28 HPs)
             Began as a Spriggan Enchanter on Sept 29, 2015.
             Mangled by Kirke (15 damage)
             ... in the Dungeon (Sprint II: "The Violet Keep of Menkaure").
             The game lasted 00:04:51 (797 turns).

ololoev the Jinx (Spriggan Enchanter)                Turns: 797, Time: 00:04:51

Health: -6/28      AC:  0    Str:  4    XL:     6   Next: 86%
Magic:  0/17       EV: 21    Int: 19    God:
Gold:   595        SH:  0    Dex: 16    Spells: 4 memorised, 10 levels left

rFire  . . .     SeeInvis +     (weapon currently unavailable)
rCold  . . .     Clarity  .     (armour currently unavailable)
rNeg   . . .     SustAt   .     (shield currently unavailable)
rPois  .         Gourm    .     (helmet currently unavailable)
rElec  .         Spirit   .     (cloak currently unavailable)
rCorr  .         Warding  .     (gloves unavailable)
rMut   .         NoTele   +     (boots unavailable)
MR     +....                    (no amulet)
Stlth  +++.......               (ring currently unavailable)
                                (ring currently unavailable)

@: pig-form, very quick, somewhat resistant to hostile enchantments, fairly
stealthy
A: unfitting armour, see invisible, herbivore 3, (speed 0), slow metabolism 2
a: no special abilities


Innate Abilities, Weirdness & Mutations

You are tiny and cannot use many weapons and most armour.
You have supernaturally acute eyesight.
You are a herbivore.
((You cover ground extremely quickly.))
You need consume almost no food.

Inventory:

Hand weapons
 a - a +1 dagger (melded)
Armour
 k - a +2 cloak of invisibility (melded)
 l - a +2 robe of magic resistance (melded)
Scrolls
 e - a scroll of identify
 j - a scroll of blinking
Potions
 f - a potion of heal wounds
 g - a potion of haste
 h - 2 potions of magic
 i - a potion of berserk rage
Books
 c - a book of Maledictions

   Spells                             Type                      Level
   a - Corona                         Hexes                        1
   b - Ensorcelled Hibernation        Hexes/Ice                    2
   c - Confuse                        Hexes                        3
   d - Tukima's Dance                 Hexes                        3
   e - Dazzling Spray                 Conjuration/Hexes            3
Comestibles
 d - a bread ration


   Skills:
 + Level 6.2 Short Blades
 + Level 8.8 Dodging
 + Level 9.9 Stealth
 + Level 7.4 Spellcasting
 * Level 10.3 Hexes
 + Level 5.5 Evocations


You had 10 spell levels left. You knew the following spells: Your Spells Type Power Failure Level Hunger a - Corona Hex #####.. 1% 1 None b - Ensorcelled Hibernat Hex/Ice ####.. 1% 2 None c - Confuse Hex #####... 1% 3 #...... d - Tukima's Dance Hex #####... 1% 3 #...... You were in the Dungeon. You were not hungry. You were a filthy swine. You visited 1 branch You collected 729 gold pieces. You spent 134 gold pieces at shops. ########≈≈#+++#+++## #######≈≈≈...≈.....# ......#c≈≈≈.##+##..# .⌠....#≈z≈≈## ### #### ∩.∩...#≈≈≈≈#w##ww ..# .∩.∩..#≈≈### w$. ###..## ∩.∩.∩.#≈##.###+###.##..# ...∩.∩#≈#...##.##.).#..# ....∩.'%+##.'.H@h.#.+..### .....∩#(#.####.##...#....###.. ▓▓▓▓###≈##.# #'###.##..§...≈≈≈ D######≈≈#####.#####≈≈.§...≈#+ h#E. ##≈≈≈#..#..#≈§≈≈≈≈≈..≈#_ ?+$[# +#≈##.#.##≈≈§≈≈§≈≈.§#. .#$##§ #≈≈##+##≈≈≈§§≈§§≈≈≈#_ $###≈§ #≈≈≈≈≈≈≈≈≈≈§≈≈≈§§≈#. ###S≈§§ #+++#+++#≈≈≈≈§≈§≈≈#_

Notes
Turn   | Place    | Note
--------------------------------------------------------------
     0 | D        | ololoev the Spriggan Enchanter began the quest for the Orb.
     0 | D        | Reached XP level 1. HP: 9/9 MP: 5/5
     1 | D        | Noticed a siren
     4 | D        | Noticed a brain worm
     4 | D        | Noticed a brain worm
     4 | D        | Noticed a brain worm
     4 | D        | Noticed a brain worm
     8 | D        | Noticed a worker ant
     8 | D        | Noticed a worker ant
    10 | D        | Noticed a worker ant
    10 | D        | Noticed a worker ant
    11 | D        | Killed a worker ant
    11 | D        | Reached skill level 5 in Stealth
    11 | D        | Reached skill level 5 in Hexes
    11 | D        | Reached XP level 2. HP: 13/13 MP: 5/7
    12 | D        | Killed a worker ant
    12 | D        | Reached skill level 5 in Dodging
    12 | D        | Reached skill level 6 in Stealth
    12 | D        | Reached XP level 3. HP: 16/16 MP: 5/9
    48 | D        | Killed a worker ant
   174 | D        | Killed Menkaure
   249 | D        | Learned a level 2 spell: Ensorcelled Hibernation
   253 | D        | Learned a level 3 spell: Confuse
   257 | D        | Learned a level 3 spell: Tukima's Dance
   260 | D        | Killed a worker ant
   260 | D        | Reached skill level 7 in Stealth
   260 | D        | Reached XP level 4. HP: 21/21 MP: 11/11
   266 | D        | Noticed a flying skull
   266 | D        | Noticed a flying skull
   266 | D        | Noticed a flying skull
   266 | D        | Noticed a flying skull
   267 | D        | Noticed a flying skull
   267 | D        | Noticed a flying skull
   267 | D        | Noticed a flying skull
   268 | D        | Noticed a flying skull
   268 | D        | Noticed a flying skull
   280 | D        | Reached skill level 5 in Spellcasting
   285 | D        | Found Hejiuhor's Antique Weapon Shop.
   286 | D        | Found Viuddig's Magic Scroll Boutique.
   286 | D        | Found Josch's Distillery.
   286 | D        | Found Ibosophooss's Jewellery Shop.
   286 | D        | Found Nuep's Antique Armour Boutique.
   286 | D        | Found Saopoad's Book Boutique.
   286 | D        | Found Qoddule's Gadget Shop.
   286 | D        | Found Goceta's Food Shop.
   290 | D        | Found Ulimouf's Distillery.
   290 | D        | Found Iclifelo's Gadget Boutique.
   290 | D        | Noticed a hell hog
   291 | D        | Found Olocaixo's Food Boutique.
   292 | D        | Found Gapag's Jewellery Shop.
   292 | D        | Found Jomuc's Distillery.
   292 | D        | Noticed a crocodile
   292 | D        | Noticed a hell hog
   292 | D        | Noticed an oklob plant
   293 | D        | Found Pab Muxt's Distillery.
   293 | D        | Found Axagifirr's Antique Armour Boutique.
   293 | D        | Found Amatid's Book Shoppe.
   299 | D        | Bought a scroll of identify for 26 gold pieces
   302 | D        | Noticed a fire dragon
   307 | D        | Noticed an iron elemental
   310 | D        | Bought an embroidered cloak for 94 gold pieces
   310 | D        | Bought a glowing robe for 14 gold pieces
   365 | D        | Noticed a lava snake
   634 | D        | Killed a crocodile
   634 | D        | Reached skill level 8 in Stealth
   634 | D        | Reached XP level 5. HP: 24/24 MP: 7/14
   657 | D        | Noticed an electric eel
   659 | D        | Noticed an electric eel
   659 | D        | Noticed an electric eel
   659 | D        | Noticed an electric eel
   659 | D        | Noticed an electric eel
   659 | D        | Noticed an electric eel
   659 | D        | Noticed an electric eel
   659 | D        | Noticed an electric eel
   659 | D        | Noticed an electric eel
   669 | D        | Noticed Kirke
   669 | D        | Noticed a kobold demonologist
   669 | D        | Noticed a skeletal warrior
   669 | D        | Noticed a centaur warrior
   687 | D        | Noticed a flying skull
   688 | D        | Noticed a flying skull
   691 | D        | Noticed a flying skull
   700 | D        | Found a burning altar of Makhleb.
   700 | D        | Found a basalt altar of Yredelemnul.
   700 | D        | Found a sacrificial altar of Ru.
   705 | D        | Killed a siren
   705 | D        | Reached skill level 9 in Stealth
   705 | D        | Reached skill level 10 in Hexes
   705 | D        | Reached skill level 5 in Evocations
   705 | D        | Reached XP level 6. HP: 21/28 MP: 15/17
   788 | D        | Noticed a harpy
   788 | D        | Noticed a harpy
   791 | D        | Killed a harpy
   796 | D        | Killed a vampire mosquito
   797 | D        | Mangled by Kirke

Dungeon Overview and Level Annotations

Branches:
Dungeon (1/1)

Altars:
Makhleb
Ru
Yredelemnul

Shops:
D [!:!=}!}%[:!=%?(

Annotations:
D exclusion: oklob plant, Kirke


Message History

The harpy claws you. The harpy claws you!
You hit the harpy.
The harpy is lightly wounded.
Casting: Confuse
Confirm with . or Enter, or press ? or * to list all spells.
Aiming: Confuse
Press: ? - help, Shift-Dir - straight line, f/p - Kirke
Aim: Kirke (deflecting missiles, chance to defeat MR: 10%) Kirke resists with almost no effort.
Kirke throws some mysterious powder.
Kirke gestures at you while chanting.
You easily resist.
You barely miss Kirke.
Kirke howls an incantation.
Kirke glows brightly for a moment.
Kirke hits you.
Casting: Confuse
Confirm with . or Enter, or press ? or * to list all spells.
Aiming: Confuse
Press: ? - help, Shift-Dir - straight line, f/p - Kirke
Aim: Kirke (deflecting missiles, chance to defeat MR: 10%) Kirke resists with almost no effort.
Kirke points at you and mumbles some strange words.
You turn into a filthy swine.
Your +1 dagger melds into your body.
Your +2 cloak of invisibility melds into your body.
Your +2 robe of magic resistance melds into your body.
You feel less resistant to hostile enchantments.
Unknown command.
Really attack barehanded? [Y]es or [N]o only, please.
Really attack barehanded?
You hit Kirke.
Kirke is lightly wounded.
Kirke barely misses you.
You hit Kirke but do no damage.
Kirke is lightly wounded.
The harpy claws Kirke!
The harpy barely misses Kirke.
The harpy claws Kirke!
The harpy claws Kirke!
Kirke hits you!
Ouch! That really hurt!
You die...

You could see Kirke and a harpy (confused).

Vanquished Creatures
  A siren (D)
  A crocodile (D)
  4 worker ants (D)
  3 worms (D)
9 creatures vanquished.

Vanquished Creatures (others)
  Menkaure (D)
  A vampire mosquito (D)
2 creatures vanquished.

Grand Total: 11 creatures vanquished

Action                   |  1- 3 |  4- 6 || total
-------------------------+-------+-------++-------
Melee: Dagger            |    33 |     8 ||    41
       Unarmed           |       |     2 ||     2
 Cast: Ensorcelled Hiber |       |     6 ||     6
       Confuse           |       |     8 ||     8
  Use: Potion            |     1 |       ||     1
 Stab: Sleeping          |     3 |     5 ||     8

Vault maps used:
D:        the_violet_keep_of_menkaure
